 Dungeon Crawl Stone Soup version 0.30.1-11-g7821555f0a (webtiles) character file.

Game seed: 601854403385941301

53 Okkudo the Chopper (level 3, 0/33 HPs)
             Began as a Hill Orc Monk on Dec 3, 2023.
             Slain by a kobold brigand
             ... wielding a +0 short sword
              (4 damage)
             ... on level 5 of the Dungeon.
             The game lasted 00:03:18 (1893 turns).

Okkudo the Chopper (Hill Orc Monk)                  Turns: 1893, Time: 00:03:19

Health: 0/33       AC: 11    Str: 15    XL:     3   Next: 87%
Magic:  0/3        EV:  4    Int: 10    God:
Gold:   112        SH:  0    Dex: 13    Spells: 2/2 levels left

rFire   . . .        o - +0 war axe
rCold   . . .        d - orb {light}
rNeg    . . .        m - +0 plate armour
rPois   .            i - +0 helmet
rElec   .            (no cloak)
rCorr   .            (no gloves)
SInv    .            (no boots)
Will    .....        f - amulet of guardian spirit Stlth
                     k - ring of wizardry
HPRegen 0.25/turn    (no ring)
MPRegen 0.08/turn

%: guardian spirit, wizardry (x1)
@: glowing
A: no striking features
a: no special abilities


You were on level 5 of the Dungeon.
You visited 1 branch of the dungeon, and saw 4 of its levels.

You collected 112 gold pieces.

Inventory:

Hand Weapons
 o - a +0 war axe (weapon)
Missiles
 j - 5 poisoned darts (quivered)
Armour
 d - an orb of light (worn)
 i - a +0 helmet (worn)
 m - a +0 plate armour (worn)
 p - a +0 plate armour
Jewellery
 f - an amulet of guardian spirit (around neck)
 k - a ring of wizardry (left hand)
Wands
 l - a wand of polymorph (6)
Scrolls
 b - a scroll of noise {unknown}
 e - 2 scrolls of poison {unknown}
 n - a scroll of acquirement {unknown}
 q - a scroll of fear {unknown}
 s - a scroll of blinking {unknown}
 t - a scroll of magic mapping {unknown}
Potions
 a - a potion of mutation {unknown}
 c - a potion of ambrosia
 g - 2 potions of curing {unknown}
 h - a potion of invisibility {unknown}
 r - a potion of attraction {unknown}


   Skills:
 - Level 4.2 Fighting
 * Level 5.0 Axes
 + Level 0.6 Armour
 - Level 2.8 Dodging


You had 2 spell levels left.
You didn't know any spells.
Your spell library contained the following spells:

 Spells                   Type           Power      Damage    Failure   Level
 Summon Small Mammal      Summ           0%         N/A       100%        1
 Call Canine Familiar     Summ           0%         N/A       100%        3
 Summon Guardian Golem    Hex/Summ       0%         N/A       100%        3


Dungeon Overview and Level Annotations

Branches:
Dungeon (3/15)

Altars:


Message History

You hit the kobold but do no damage. The kobold hits you but does no damage.
You slash the kobold!
You kill the kobold!
The kobold brigand throws a poisoned dart.
The poisoned dart hits you!
You are poisoned.
You feel very sick.
The kobold brigand hits you with a +0 short sword.
You see here a +1 vampiric whip.
You barely miss the kobold brigand.
You feel sick.
The kobold brigand hits you with a +0 short sword.
You hit the kobold brigand but do no damage.
You feel sick.
The kobold brigand hits you with a +0 short sword!
You barely miss the kobold brigand.
You feel sick.
The kobold brigand hits you with a +0 short sword.
The kobold brigand hits you but does no damage.
You slash the kobold brigand!
The kobold brigand is heavily wounded.
You feel sick.
The kobold brigand hits you with a +0 short sword!
* * * LOW HITPOINT WARNING * * *
You hit the kobold brigand but do no damage.
The kobold brigand is moderately wounded.
You feel sick.
The kobold brigand hits you but does no damage.
You feel sick.
You are no longer poisoned.
You slash the kobold brigand!
The kobold brigand is almost dead.
The kobold brigand hits you but does no damage.
You hit the kobold brigand.
The kobold brigand is almost dead.
The kobold brigand hits you but does no damage.
The kobold brigand hits you with a +0 short sword.
* * * LOW HITPOINT WARNING * * *
You hit the kobold brigand but do no damage.
The kobold brigand is almost dead.
The kobold brigand hits you with a +0 short sword.
You die... ########################## ......KKK@................ ##########################

You could see a kobold brigand and 2 kobolds.

Vanquished Creatures
  An adder (D:2)
  3 worms (D:2)
  A dart slug (D:2)
  2 endoplasms
  2 giant cockroaches (D:1)
  4 goblins
  2 hobgoblins (D:1)
  4 jackals (D:1)
  4 kobolds
  2 ball pythons
  A frilled lizard (D:1)
  7 rats
33 creatures vanquished.

Notes
Turn   | Place    | Note
-------+----------+-------------------------------------------
     0 | D:1      | Okkudo the Hill Orc Monk began the quest for the Orb.
     0 | D:1      | Reached XP level 1. HP: 19/19 MP: 1/1
   104 | D:1      | Reached XP level 2. HP: 18/27 MP: 2/2
   199 | D:1      | Found a faded altar of an unknown god.
  1053 | D:2      | Reached XP level 3. HP: 33/33 MP: 3/3
  1625 | D:2      | Reached skill level 5 in Axes
  1834 | D:3      | You fall into a shaft and drop 2 floors!
  1834 | D:5      | Entered Level 5 of the Dungeon
  1878 | D:5      | Noticed a kobold brigand
  1893 | D:5      | Slain by a kobold brigand

Illustrated notes

Levels and vault maps discovered:
D:1:      onia_arrival_handbag, layout_loops_ring, basic_ecumenical_altar,
          corner_web_ring
D:2:      layout_loops_corners
D:3:      layout_basic, nicolae_overflow_crystal_walls, serial_shops,
          nicolae_shop_industrial_runoff, shop, chequers_avenue,
          lexackson_kobold_supper
D:5:      wad_lake_hut, layout_basic, kennysheep_mini,
          mainiacjoe_overflow_alcove_1, amcnicky_altar_gilded

Skill      XL: |  1  2  3 |
---------------+----------+-----
Fighting       | 4 |  4.2
Axes           | 5 |  5.0
Armour         | |  0.6
Dodging        | |  2.8

Action                     || total
---------------------------++-------
  Melee: Hand axe          ||    75
         War axe           ||    29
 Armour: Robe              ||    12
         Ring mail         ||     5
         Plate armour      ||    22
  Dodge: Dodged            ||    43
